 Dungeon Crawl Stone Soup version 0.30.0-10-gfe55d96785 (webtiles) character file.

Game seed: 15816965844711121658

12947 Firecrotchwizard the Geomancer (level 12, -1/76 HPs)
             Began as a Gargoyle Earth Elementalist on May 14, 2023.
             Was a Priest of Vehumet.
             Slain by a death yak (16 damage)
             ... on level 1 of the Lair of Beasts.
             The game lasted 00:38:22 (13194 turns).

Firecrotchwizard the Geomancer (GrEE)              Turns: 13194, Time: 00:38:23

Health: -1/76      AC: 24    Str: 12    XL:     12   Next: 0%
Magic:  18/23      EV: 11    Int: 21    God:    Vehumet [***...]
Gold:   1120       SH:  0    Dex: 16    Spells: 15/26 levels left

rFire   . . .        a - staff of earth "Ufus" {Will+}
rCold   . . .        (no shield)
rNeg    + . .        G - +0 acid dragon scales
rPois   ∞            q - +1 helmet
rElec   +            l - +0 cloak
rCorr   +            H - +0 pair of gloves "Zuyhiul" {Rampage rElec Regen+}
SInv    .            L - +0 pair of boots
Will    +....        N - amulet of faith
Stlth   ++           B - +6 ring of dexterity
HPRegen 1.12/turn    p - +4 ring of protection
MPRegen 0.18/turn

%: rampage, faith
@: no status effects
A: sickness immunity, AC +8, negative energy resistance 1, electricity
resistance, torment resistance 1, petrification resistance
a: Renounce Religion


You were on level 1 of the Lair of Beasts.
You worshipped Vehumet.
Vehumet was most pleased with you.
You visited 3 branches of the dungeon, and saw 13 of its levels.

You collected 1210 gold pieces.
You spent 90 gold pieces at shops.

Inventory:

Hand Weapons
 b - the +4 sling of Saltpetre {freeze, rF+}
   (You found it on level 3 of the Dungeon)

   rF:        It protects you from fire.
 j - a +0 heavy spear
 y - a +0 dagger of electrocution
 E - the +9 war axe of Change {drain, Str+3 Dex+4}
   (You found it on level 4 of the Dungeon)

   Str:       It affects your strength (+3).
   Dex:       It affects your dexterity (+4).
 M - a +1 dagger of venom
Missiles
 s - 4 throwing nets {@!f}
 u - 6 curare-tipped darts
 D - 32 poisoned darts
Armour
 k - a +0 pair of gloves
 l - a +0 cloak (worn)
 q - a +1 helmet (worn)
 G - +0 acid dragon scales (worn)
 H - the +0 pair of gloves "Zuyhiul" (worn) {Rampage rElec Regen+}
   (You acquired it on level 9 of the Dungeon)

   rElec:     It insulates you from electricity.
   Regen:     It increases your rate of health regeneration.
   Rampage:   It bestows one free step when moving towards enemies.
 L - a +0 pair of boots (worn)
Magical Staves
 a - the staff of earth "Ufus" (weapon) {Will+}
   (You acquired it on level 9 of the Dungeon)

   [staff of earth]

   Base accuracy: +5 Base damage: 5 Base attack delay: 1.2 This weapon's minimum
   attack delay (0.6) is reached at skill level 12.
   Will:      It increases your willpower.
   It falls into the 'Staves' category.
   It is a one-handed weapon.
 O - a staff of conjuration
Jewellery
 m - a +4 ring of protection
 p - a +4 ring of protection (right hand)
 B - a +6 ring of dexterity (left hand)
 N - an amulet of faith (around neck)
Wands
 d - a wand of light (4)
 v - a wand of polymorph (11)
 I - a wand of charming (9)
 J - a wand of digging (5)
Scrolls
 f - a scroll of fog
 g - 4 scrolls of blinking
 h - a scroll of magic mapping
 i - 2 scrolls of poison
 t - 5 scrolls of teleportation
 w - a scroll of enchant weapon
 F - a scroll of immolation
 K - 3 scrolls of noise
 R - a scroll of summoning
 T - a scroll of silence
Potions
 c - 3 potions of cancellation
 e - 5 potions of lignification
 n - 2 potions of flight
 o - 4 potions of curing
 r - 2 potions of magic
 x - a potion of invisibility
 z - 3 potions of heal wounds
 A - a potion of attraction
 C - a potion of haste
 P - a potion of brilliance
 Q - a potion of might
 S - a potion of mutation


   Skills:
 + Level 9.0 Fighting
 + Level 1.3 Armour
 - Level 1.5 Dodging
 - Level 2.1 Stealth
 - Level 7.8 Spellcasting
 - Level 10.3 Conjurations
 - Level 2.0 Transmutations
 - Level 12.3 Earth Magic
 + Level 4.7 Evocations


You had 15 spell levels left.
You knew the following spells:

 Your Spells              Type           Power      Damage    Failure   Level
a - Sandblast             Erth           100%       2d20      1%          1
b - Passwall              Tmut/Erth      45%        N/A       1%          2
c - Stone Arrow           Conj/Erth      100%       3d13      1%          3
d - Magic Dart            Conj           100%       1d8       1%          1
e - Iskenderun's Mystic   Conj/Tloc      30%        2d8       4%          4

Your spell library contained the following spells:

 Spells                   Type           Power      Damage    Failure   Level
 Flame Wave               Conj/Fire      30%        2d9       4%          4
 Sticky Flame             Conj/Fire      30%        2d5       4%          4
 Petrify                  Tmut/Erth      55%        N/A       6%          4
 Wereblood                Tmut           16%        N/A       9%          2
 Animate Armour           Summ/Erth      100%       N/A       10%         4
 Inner Flame              Hex/Fire       8%         N/A       11%         3
 Slow                     Hex            32%        N/A       12%         1
 Summon Small Mammal      Summ           32%        N/A       12%         1
 Ensorcelled Hibernation  Hex/Ice        16%        N/A       19%         2
 Lesser Beckoning         Tloc           16%        N/A       19%         2
 Call Canine Familiar     Summ           8%         N/A       36%         3
 Confusing Touch          Hex            8%         N/A       36%         3
 Gell's Gravitas          Tloc           8%         N/A       36%         3
 Summon Guardian Golem    Hex/Summ       8%         N/A       36%         3
 Swiftness                Air            8%         N/A       36%         3
 Teleport Other           Tloc           8%         N/A       36%         3
 Vampiric Draining        Necr           8%         2d6       36%         3
 Yara's Violent Unravell  Hex/Tmut       6%         3d5       47%         5
 Starburst                Conj/Fire      15%        6d6       47%         6
 Lehudib's Crystal Spear  Conj/Erth      35%        10d9      86%         8
 Storm Form               Tmut/Air       6%         N/A       100%        7
 Summon Hydra             Summ           4%         N/A       100%        7
 Maxwell's Capacitive Co  Air            4%         ∞         100%        8
 Dragon's Call            Summ           4%         N/A       100%        9
 Sublimation of Blood     Necr           Unusable   N/A       N/A         2

Dungeon Overview and Level Annotations

Branches:
Dungeon (10/15)            Temple (1/1) D:6            Lair (2/5) D:8
    Orc (0/2) D:10
  Swamp: Lair:2-3    Shoals: Lair:2-3     Snake: Lair:2-3    Spider: Lair:2-3

Altars:
Ashenzari
Cheibriados
Dithmenos
Fedhas
Gozag
Kikubaaqudgha
Makhleb
Okawaru
Qazlal
Ru
Sif Muna
Uskayaw
Vehumet
Xom
Zin
The Shining One
Jiyva

Annotations:
D:9 2 transporters
Lair:1 3 runed translucent doors, Xijim's ghost, journeyman OgGl


Innate Abilities, Weirdness & Mutations

You are immune to sickness and miasma.
Your stone body is resilient. (AC +8)
You are immune to poison.
You resist negative energy. (rN+)
You are resistant to electric shocks. (rElec)
You are resistant to unholy torment.
You are immune to petrification.


Message History

Confirm with . or Enter, or press ? or * to list all spells.
Aiming: Sandblast (safe; 1% risk of failure)
Press: ? - help, Shift-Dir - straight line, f/p - death yak
Aim: a death yak (heavily wounded, 95% to hit)
You feel a surge of power!
The blast of sand hits the death yak!!
The death yak is severely wounded.
The death yak completely misses you.
Casting: Sandblast (safe; 1% risk of failure)
Confirm with . or Enter, or press ? or * to list all spells.
Aiming: Sandblast (safe; 1% risk of failure)
Press: ? - help, Shift-Dir - straight line, f/p - death yak
Aim: a death yak (severely wounded, 95% to hit)
You feel a surge of power!
The blast of sand hits the death yak!!
The death yak is almost dead.
The death yak closely misses you. The death yak barely misses you.
Casting: Sandblast (safe; 1% risk of failure)
Confirm with . or Enter, or press ? or * to list all spells.
Aiming: Sandblast (safe; 1% risk of failure)
Press: ? - help, Shift-Dir - straight line, f/p - death yak
Aim: a death yak (almost dead, 95% to hit)
You feel a surge of power!
The blast of sand hits the death yak!
You kill the death yak!
Vehumet accepts your kill.
You feel your power returning.
Your Fighting skill increases to level 9!
Your Armour skill increases to level 1!
You have reached level 12!
You feel stronger.
You start resting.
Magic restored.
You climb downwards.
The death yak barely misses you.
A death yak comes into view.
The death yak gores you but does no damage.
There is a stone staircase leading up here.
The cane toad stings you but does no damage.
The death yak gores you but does no damage.
You climb upwards.
Level annotation: 3 runed translucent doors, Xijim's ghost, journeyman OgGl
There is a stone staircase leading down here.
Casting: Sandblast (safe; 1% risk of failure)
Confirm with . or Enter, or press ? or * to list all spells.
Aiming: Sandblast (safe; 1% risk of failure)
Press: ? - help, Shift-Dir - straight line, f - death yak
Aim: a death yak (95% to hit)
You feel a surge of power!
The blast of sand hits the death yak!!
The death yak is moderately wounded.
The cane toad barely misses you. The death yak gores you.
The cane toad stings you!
Casting: Sandblast (safe; 1% risk of failure)
Confirm with . or Enter, or press ? or * to list all spells.
Aiming: Sandblast (safe; 1% risk of failure)
Press: ? - help, Shift-Dir - straight line, f/p - death yak
Aim: a death yak (moderately wounded, 95% to hit)
You feel a surge of power!
The blast of sand hits the death yak!
The death yak is moderately wounded.
The death yak gores you!
The cane toad stings you but does no damage.
The death yak barely misses you.
Casting: Sandblast (safe; 1% risk of failure)
Confirm with . or Enter, or press ? or * to list all spells.
Aiming: Sandblast (safe; 1% risk of failure)
Press: ? - help, Shift-Dir - straight line, f/p - death yak
Aim: a death yak (moderately wounded, 95% to hit)
You feel a surge of power!
The blast of sand misses the death yak.
The cane toad closely misses you. x2
The death yak gores you but does no damage.
Casting: Sandblast (safe; 1% risk of failure)
Confirm with . or Enter, or press ? or * to list all spells.
Aiming: Sandblast (safe; 1% risk of failure)
Press: ? - help, Shift-Dir - straight line, f/p - death yak
Aim: a death yak (moderately wounded, 95% to hit)
You feel a surge of power!
The blast of sand hits the death yak!
The death yak is heavily wounded.
The cane toad stings you! The death yak closely misses you.
The cane toad stings you.
The death yak gores you but does no damage.
Casting: Sandblast (safe; 1% risk of failure)
Confirm with . or Enter, or press ? or * to list all spells.
Aiming: Sandblast (safe; 1% risk of failure)
Press: ? - help, Shift-Dir - straight line, f/p - death yak
Aim: a death yak (heavily wounded, 95% to hit)
You feel a surge of power!
The blast of sand hits the death yak!
The death yak is heavily wounded.
The cane toad stings you. The death yak gores you!
* * * LOW HITPOINT WARNING * * *
The cane toad barely misses you.
Unknown command.
Casting: Sandblast (safe; 1% risk of failure)
Confirm with . or Enter, or press ? or * to list all spells.
Aiming: Sandblast (safe; 1% risk of failure)
Press: ? - help, Shift-Dir - straight line, f/p - death yak
Aim: a death yak (heavily wounded, 95% to hit)
You feel a surge of power!
The blast of sand hits the death yak.
The death yak is heavily wounded.
The cane toad stings you!
* * * LOW HITPOINT WARNING * * *
The death yak completely misses you. The cane toad stings you!
* * * LOW HITPOINT WARNING * * *
The death yak gores you!
You die...

#..#..[#.............#
#..#...#.#.P######...#
#..#...#.#### #....
#..#......# #...#
#..#...P..# ##...#
#..#...+.########P...#
#..P.###..P##..###...#
#....F..÷......^.....#
#...Y@................
##...P#######.#........
#....## ###.....#..
##...# ##.....#.. #...#
#.........
#...##########.....#.#
##...##.#.#.###..).....
#..............÷.......
##..####......#.######.


You could see a death yak and a cane toad.

Vanquished Creatures
  Harold (Lair:1)
  A two-headed ogre (D:9)
  2 death yaks (Lair:1)
  Pikel (D:7)
  A black mamba (Lair:1)
  A cane toad (Lair:1)
  Maggie (D:10)
  7 blink frogs
  Sigmund (D:4)
  2 shadows
  5 wyverns
  6 yaks (D:9)
  Eustachio (D:4)
  3 basilisks
  4 steam dragons
  Edmund (D:4)
  A two-headed ogre zombie (D:10)
  Menkaure (D:4)
  An acid dragon (D:7)
  5 water moccasins
  An orc warrior (D:10)
  2 ice beasts
  A sky beast (D:6)
  An ogre (D:5)
  5 black bears
  6 wolves
  2 phantoms (D:10)
  2 centaurs
  4 kobold brigands
  5 bullfrogs
  2 gnoll sergeants
  3 scorpions
  A troll zombie (D:10)
  8 howler monkeys
  2 jellies
  3 orc priests
  5 hounds
  Jessica (D:2)
  3 iguanas
  5 orc wizards
  4 ogre zombies (D:10)
  A mummy (D:8)
  Robin (D:1)
  12 gnolls
  5 adders
  A shadow imp (D:5)
  3 white imps
  An ufetubus (D:7)
  2 worms (D:4)
  A dart slug (D:4)
  6 orcs
  8 ball pythons
  5 endoplasms
  3 giant cockroaches
  12 goblins
  10 hobgoblins
  20 kobolds
  6 quokkas
  2 bats
  6 frilled lizards
  A goblin skeleton (D:10)
  4 goblin zombies (D:10)
  A hobgoblin skeleton (D:10)
  3 hobgoblin zombies (D:10)
  An orc skeleton (D:10)
  11 orc zombies (D:10)
  4 rats
242 creatures vanquished.

Vanquished Creatures (others)
  A human (D:8)
  2 kobolds (D:9)
3 creatures vanquished.

Grand Total: 245 creatures vanquished

Notes
Turn   | Place    | Note
-------+----------+-------------------------------------------
     0 | D:1      | Firecrotchwizard the Gargoyle Earth Elementalist began the
                  | quest for the Orb.
     0 | D:1      | Reached XP level 1. HP: 10/10 MP: 3/3
   238 | D:1      | Reached skill level 4 in Earth Magic
   337 | D:1      | Reached XP level 2. HP: 15/15 MP: 5/5
   667 | D:1      | Learned a level 2 spell: Passwall
   695 | D:2      | Found an iron altar of Okawaru.
   711 | D:2      | Noticed Robin
   773 | D:1      | Killed Robin
   774 | D:1      | Reached skill level 1 in Fighting
   774 | D:1      | Reached skill level 1 in Transmutations
   774 | D:1      | Reached XP level 3. HP: 13/20 MP: 6/6
   950 | D:2      | Learned a level 3 spell: Stone Arrow
  1117 | D:2      | Reached XP level 4. HP: 25/25 MP: 7/7
  1242 | D:2      | Noticed Jessica
  1243 | D:2      | Killed Jessica
  1906 | D:3      | Identified the +4 sling of Saltpetre {freeze, rF+}
  1971 | D:3      | Noticed a scorpion
  1979 | D:3      | Killed a scorpion
  1980 | D:3      | Reached skill level 1 in Conjurations
  1980 | D:3      | Reached skill level 5 in Earth Magic
  1980 | D:3      | Reached XP level 5. HP: 17/30 MP: 9/9
  2330 | D:4      | Reached XP level 6. HP: 35/35 MP: 10/10
  2342 | D:4      | Found a sacrificial altar of Ru.
  2420 | D:4      | Noticed Eustachio
  2472 | D:4      | Found a hide-covered altar of Uskayaw.
  2775 | D:4      | Killed Eustachio
  2854 | D:4      | Found Zin's Purification Station.
  2854 | D:4      | Found a glowing silver altar of Zin.
  2863 | D:4      | Bought a potion of curing for 90 gold pieces
  2907 | D:4      | Identified the +9 war axe of Change {drain, Str+3 Dex+4}
  2915 | D:4      | Noticed Edmund
  2949 | D:4      | Killed Edmund
  2950 | D:4      | Reached skill level 6 in Earth Magic
  2950 | D:4      | Reached XP level 7. HP: 13/41 MP: 8/12
  3268 | D:4      | Noticed Sigmund
  3489 | D:4      | Noticed Menkaure
  3495 | D:4      | Killed Menkaure
  3668 | D:4      | Killed Sigmund
  3788 | D:5      | Entered Level 5 of the Dungeon
  3851 | D:5      | Reached XP level 8. HP: 48/48 MP: 14/14
  3987 | D:5      | Found an opulent altar of Gozag.
  4464 | D:5      | Reached skill level 7 in Earth Magic
  4553 | D:5      | Found a stormy altar of Qazlal.
  4828 | D:5      | Reached skill level 5 in Spellcasting
  4922 | D:5      | Found a burning altar of Makhleb.
  4960 | D:5      | Found a glowing golden altar of the Shining One.
  5152 | D:6      | Reached skill level 5 in Fighting
  5157 | D:6      | HP: 1/49 [centaur/arrow (4)]
  5174 | D:6      | Reached skill level 5 in Conjurations
  5385 | D:6      | Reached XP level 9. HP: 5/54 MP: 10/17
  5803 | D:6      | Reached skill level 8 in Earth Magic
  5857 | D:6      | Found a staircase to the Ecumenical Temple.
  5860 | D:6      | Found a blossoming altar of Fedhas.
  5869 | Temple   | Entered the Ecumenical Temple
  5878 | Temple   | Became a worshipper of Vehumet
  6152 | D:7      | Noticed Pikel
  6349 | D:7      | Killed Pikel
  6620 | D:7      | Identified the +3 leather armour "Iqaq" {rElec rF++ rCorr
                  | Str-5}
  7270 | D:8      | Reached skill level 9 in Earth Magic
  7440 | D:8      | Reached XP level 10. HP: 53/63 MP: 19/19
  7655 | D:8      | Reached * piety under Vehumet
  7655 | D:8      | Offered knowledge of Magic Dart by Vehumet.
  7734 | D:8      | Learned a level 1 spell: Magic Dart
  7803 | D:8      | Found an ancient bone altar of Kikubaaqudgha.
  7877 | D:8      | Found a staircase to the Lair.
  8146 | D:8      | Found a snail-covered altar of Cheibriados.
  8611 | D:9      | Got the Volume of the Tempest and Obstruction
  8616 | D:9      | Found a transporter.
  8618 | D:9      | Found a transporter.
  8624 | D:9      | Found a viscous altar of Jiyva.
  8700 | D:9      | Reached skill level 10 in Earth Magic
  9037 | D:9      | Offered knowledge of Shock by Vehumet.
  9113 | D:9      | Identified 4 scrolls of acquirement
  9115 | D:9      | Acquired the Disquisition on Amalgamated Kindling
  9117 | D:9      | Acquired the staff of earth "Ufus" {Will+}
  9204 | D:9      | Noticed a two-headed ogre
  9210 | D:9      | Killed a two-headed ogre
  9210 | D:9      | Reached ** piety under Vehumet
  9211 | D:9      | Reached XP level 11. HP: 65/69 MP: 15/22
  9315 | D:9      | Acquired 395 gold pieces
  9317 | D:9      | Acquired the +0 pair of gloves "Zuyhiul" {Rampage rElec
                  | Regen+}
  9436 | D:10     | Entered Level 10 of the Dungeon
  9743 | D:10     | Reached skill level 1 in Evocations
  9770 | D:10     | Found a staircase to the Orcish Mines.
  9770 | D:10     | Noticed Maggie
 10310 | D:10     | Reached skill level 11 in Earth Magic
 11534 | D:10     | Killed Maggie
 11592 | D:10     | Offered knowledge of Frozen Ramparts by Vehumet.
 11612 | D:10     | Acquired a staff of conjuration
 11647 | D:10     | Found a shimmering blue altar of Sif Muna.
 11838 | Lair:1   | Entered Level 1 of the Lair of Beasts
 12098 | Lair:1   | Noticed Harold
 12112 | Lair:1   | Killed Harold
 12177 | Lair:1   | Found a runed translucent gate.
 12179 | Lair:1   | Found a runed translucent gate.
 12180 | Lair:1   | Found a runed translucent gate.
 12182 | Lair:1   | Noticed Xijim's ghost (journeyman OgGl)
 12330 | Lair:1   | Reached *** piety under Vehumet
 12857 | Lair:2   | Reached skill level 10 in Conjurations
 12860 | Lair:2   | Reached skill level 12 in Earth Magic
 13090 | Lair:2   | Noticed a death yak
 13090 | Lair:2   | Noticed a death yak
 13117 | Lair:1   | Killed a death yak
 13117 | Lair:1   | Offered knowledge of Iskenderun's Mystic Blast by Vehumet.
 13123 | Lair:1   | Learned a level 4 spell: Iskenderun's Mystic Blast
 13141 | Lair:2   | Noticed a death yak
 13151 | Lair:1   | Killed a death yak
 13152 | Lair:1   | Reached skill level 1 in Armour
 13152 | Lair:1   | Reached XP level 12. HP: 76/76 MP: 17/23
 13186 | Lair:2   | Noticed a death yak
 13194 | Lair:1   | Slain by a death yak

Illustrated notes

Levels and vault maps discovered:
D:1:      roderic_crossed_star, layout_basic, chequers_serial_rivers_room_b
D:2:      layout_basic, basic_altar, uniq_jessica, uniq_robin
D:3:      layout_basic, minmay_misc_feat_rows
D:4:      layout_loops_ring, zin_purify, amcnicky_altar_gilded,
          nicolae_ru_sacrificial_ziggurat, grunt_ministairs_12, uniq_edmund,
          uniq_sigmund, uniq_eustachio, uniq_menkaure
D:5:      layout_loops_corners, grunt_gozag_statues,
          mainiacjoe_overflow_six_doors_small, mainiacjoe_overflow_two_lobes
D:6:      layout_basic, general_overflow_altar, minmay_temple_entry_proselytizer
D:7:      layout_basic, uniq_pikel
D:8:      layout_basic, slow_altar_1, tgw_kikubaaqudgha, minmay_lair_entry_grove
D:9:      gammafunk_jiyva_shrine, layout_long_grid, corexii_leaking_fountain
D:10:     layout_rooms, mainiacjoe_overflow_tiny_flanked, zombieorc2_lemuel,
          grunt_ministairs_13, uniq_amaemon, uniq_maggie
Temple:   hellmonk_temple_of_storms
Lair:1:   hellmonk_ruined_rings, layout_chaotic_city, ebering_ghost_rock_garden,
          chequers_serial_rivers_room_b, uniq_harold
Lair:2:   layout_gridlike, grunt_megastairs_4

Skill      XL: |  1  2  3  4  5  6  7  8  9 10 11 |
---------------+----------------------------------+-----
Earth Magic    | 4 5 6 7 9 10 12 | 12.3
Fighting       | 1 2 3 4 5 7 8 9 |  9.0
Transmutations | 1 2 |  2.0
Spellcasting   | 3 4 5 6 7 |  7.8
Conjurations   | 1 2 3 5 6 8 10 | 10.3
Evocations     | 4 |  4.7
Armour         | 1 |  1.3
Dodging        | |  1.5
Stealth        | |  2.1

Action                     |  1- 3 |  4- 6 |  7- 9 | 10-12 || total
---------------------------+-------+-------+-------+-------++-------
  Melee: Spear             |    48 |       |       |       ||    48
         Unarmed           |    12 |       |       |       ||    12
         Dagger            |    65 |   108 |   204 |   163 ||   540
         Punch             |     3 |     1 |     7 |     1 ||    12
         War axe           |       |     9 |    12 |     4 ||    25
         Staff             |       |       |       |    17 ||    17
   Fire: Sling             |       |    23 |       |     2 ||    25
  Throw: Dart              |       |       |     1 |       ||     1
   Cast: Sandblast         |     3 |    10 |    49 |   222 ||   284
         Passwall          |       |     1 |       |       ||     1
         Stone Arrow       |       |       |       |     2 ||     2
         Magic Dart        |       |       |       |    21 ||    21
    Use: Scroll            |       |       |    19 |    12 ||    31
         Potion            |       |       |     3 |       ||     3
   Stab: Sleeping          |     1 |     2 |       |     1 ||     4
 Armour: Robe              |    32 |       |       |       ||    32
         Animal skin       |    29 |    59 |    60 |       ||   148
         Steam dragon scal |       |       |    82 |       ||    82
         Acid dragon scale |       |       |     3 |   242 ||   245
  Dodge: Dodged            |    85 |    91 |   149 |   250 ||   575
